 Dungeon Crawl Stone Soup version 0.30-a0-304-gdc4b735fe1 (webtiles) character file.

Game seed: 7506156075725606197

2 blackman the Sneak (level 1, -8/18 HPs)
             Began as a Human Delver on Oct 20, 2022.
             Mangled by a water moccasin (9 damage)
             ... on level 6 of the Dungeon.
             The game lasted 00:02:17 (953 turns).

blackman the Sneak (Human Delver)                    Turns: 953, Time: 00:02:18

Health: -8/18      AC:  3    Str: 12    XL:     1   Next: 44%
Magic:  1/1        EV: 12    Int: 10    God:
Gold:   0          SH:  0    Dex: 14    Spells: 0/0 levels left

rFire   . . .      SeeInvis .    h - +0 long sword
rCold   . . .      Faith    .    (no shield)
rNeg    . . .      Spirit   .    b - +0 leather armour
rPois   .          Reflect  .    (no helmet)
rElec   .          Harm     .    (no cloak)
rCorr   .          Rampage  .    (no gloves)
Will    .....                    (no boots)
Stlth   +++.......               (no amulet)
HPRegen 0.23/turn                (no ring)
MPRegen 0.07/turn                (no ring)

@: no status effects
A: no striking features
a: no special abilities


You were on level 6 of the Dungeon.
You visited 1 branch of the dungeon, and saw 2 of its levels.

Inventory:

Hand Weapons
 a - a +0 falchion
 h - a +0 long sword (weapon)
Missiles
 d - 2 poisoned darts (quivered)
Armour
 b - a +0 leather armour (worn)
Wands
 g - a wand of digging (2)
Scrolls
 c - a scroll of fog


   Skills:
 - Level 3.0 Fighting
 + Level 2.2 Long Blades
 - Level 2.0 Dodging
 - Level 5.0 Stealth


You couldn't memorise any spells.
You didn't know any spells.
Your spell library was empty.

Dungeon Overview and Level Annotations

Branches:
Dungeon (6/15)             Temple (0/1) D:6

Altars:

Annotations:
D:5 Ijyb, Pikel


Message History

A gnoll is nearby!
You start waiting.
Done waiting.
You start waiting.
Done waiting.
Found a club.
Unknown command.
You see here a +0 club.
The gnoll shouts!
A gnoll sergeant comes into view. It is wielding a +0 trident.
The gnoll sergeant shouts!
The gnoll shouts!
You hear an angry hiss.
The gnoll throws a throwing net.
The throwing net closely misses you.
The gnoll throws a throwing net.
The throwing net closely misses you.
You see here a throwing net.
e - a throwing net The gnoll closely misses you.
The gnoll sergeant closely misses you. The gnoll barely misses you.
The gnoll attacks as you move away! The gnoll hits you with a +0 flail.
The gnoll attacks as you move away! The gnoll hits you with a +0 flail.
The gnoll attacks as you move away! The gnoll hits you but does no damage.
Unknown command.
The water moccasin bites you.
* * * LOW HITPOINT WARNING * * *
The gnoll hits you with a +0 flail.
* * * LOW HITPOINT WARNING * * *
The water moccasin bites you but does no damage.
Unknown command.
Throw: throwing net
Press: ? - help, Shift-Dir - straight line, f - water moccasin
Aim: a water moccasin (40% to hit)
You throw a throwing net.
The throwing net closely misses the water moccasin.
The throwing net barely misses the gnoll.
The water moccasin closely misses you.
Unknown command.
The water moccasin attacks as you move away!
The water moccasin bites you!
Ouch! That really hurt!
You die...

### ##.# ##.## #.##
#.###########*******
#gS@........,,,,,,,,
#.#######...,,,,,..*
#.# #.########.* #g#
##........#.*
#g######...........*
#g...g(............*
***#####g.............*
*,,,,,*#.....#.##.....#
*,***,*#.....#.#**#.#.<


You could see a water moccasin and a gnoll.

Vanquished Creatures
  2 jackals (D:5)
2 creatures vanquished.

Notes
Turn   | Place    | Note
-------+----------+-------------------------------------------
     0 | D:5      | blackman the Human Delver began the quest for the Orb.
     0 | D:5      | Reached XP level 1. HP: 18/18 MP: 1/1
    27 | D:5      | Noticed Pikel
    34 | D:5      | Noticed a black bear
    35 | D:5      | Noticed Ijyb
   177 | D:6      | Noticed an iguana
   184 | D:6      | Noticed a scorpion
   185 | D:6      | Noticed a gnoll bouda
   189 | D:6      | Noticed a water moccasin
   192 | D:6      | Noticed an orc wizard
   220 | D:6      | Noticed a water moccasin
   930 | D:6      | Noticed a gnoll sergeant
   953 | D:6      | Mangled by a water moccasin

Illustrated notes

Levels and vault maps discovered:
D:5:      layout_layer_cave, uniq_ijyb, uniq_prince_ribbit1, uniq_pikel
D:6:      layout_basic, minmay_temple_entry_poolview

Action                   || total
-------------------------++-------
Melee: Falchion          ||     6
Throw: Throwing net      ||     1
Evoke: Wand              ||     1
  Use: Scroll            ||     2
       Potion            ||     1
 Stab: Distracted        ||     1
Armor: Leather armour    ||     3
Dodge: Dodged            ||    14

Table legend: (Time is in decaauts)
 A = Elapsed time spent in this place.
 B = Non-inter-level travel time spent in this place.
 C = Inter-level travel time spent in this place.
 D = Time resting spent in this place.
 E = Time spent auto-exploring this place.
 F = Levels seen in this place.
 G = Mean time per level.
                   A        B        C        D        E       F      G
               +--------+--------+--------+--------+--------+-----+--------+
         Total |    933 |    878 |     55 |    675 |     42 |   2 |  466.5 |
       Dungeon |    933 |    878 |     55 |    675 |     42 |   2 |  466.5 |
               +--------+--------+--------+--------+--------+-----+--------+

Top non-repeatable levels by time:
     D:6: 758 daAuts
     D:5: 175 daAuts
